PBL
NEW YORK METS @ MONTREAL EXPOS
09/20/2052
 
TOP OF THE 1ST
New York Mets batting - Pitching for Montreal Expos : LHP Ronnie Breadalbane
Pitching: LHP Ronnie Breadalbane
Batting: RHB Paul Peoples 0-0: Ball
1-0: Foul Ball, location: 2F
1-1: Called Strike
1-2: Foul Ball, location: 2F
1-2: Ball
2-2: Ground out 5-3 (Groundball, 56S, EV 92.5 MPH)
Batting: LHB Bryan Anderson 0-0: Called Strike
0-1: Ball
1-1: Ball
2-1: Fly out, F4 (Popup, 34, EV 57.5 MPH)
Batting: SHB Jorge Molina 0-0: Called Strike
0-1: Called Strike
0-2: Ball
1-2: Ball
2-2: Foul Ball, location: 2F
2-2: DOUBLE (Line Drive, 89D, EV 101.3 MPH)
Batting: RHB Félix Arroyo 0-0: Called Strike
0-1: Swinging Strike
0-2: Ball
1-2: Ball
2-2: 2-RUN HOME RUN (Flyball, 9D, EV 103.8 MPH), Distance : 368 ft
Batting: RHB Frank Fields 0-0: Ball
1-0: Fly out, F7 (Flyball, 7D, EV 107.5 MPH)
Top of the 1st over - 2 runs, 2 hits, 0 errors, 0 left on base; New York 2 - Montreal 0
BOTTOM OF THE 1ST
Montreal Expos batting - Pitching for New York Mets : RHP Pepe Quintana
Pitching: RHP Pepe Quintana
Batting: RHB Roberto Rodríguez 0-0: Called Strike
0-1: Ball
1-1: Ball
2-1: Foul Ball, location: 2F
2-2: Foul Ball, location: 2F
2-2: Ball
3-2: SINGLE (Line Drive, 9S, EV 106.3 MPH)
Batting: SHB Bill Rowe 0-0: Ball
1-0: Ball
2-0: Called Strike
2-1: Ball
3-1: 2-RUN HOME RUN (Flyball, 7D, EV 104.4 MPH), Distance : 371 ft
Batting: RHB Steve Bauer 0-0: Ball
1-0: Foul Ball, location: 2F
1-1: Swinging Strike
1-2: Strikes out looking
Batting: LHB Billy Giffard 0-0: Ground out 6-3 (Groundball, 56D, EV 107.5 MPH)
Batting: LHB António Reyes 0-0: Ball
1-0: Foul Ball, location: 2F
1-1: Ball
2-1: Ball
3-1: Base on Balls
Batting: LHB Tomás Vargas 0-0: Fielders Choice at 2nd, 5-4 (Groundball, 56, EV 83.8 MPH)
Bottom of the 1st over - 2 runs, 2 hits, 0 errors, 1 left on base; New York 2 - Montreal 2
TOP OF THE 2ND
New York Mets batting - Pitching for Montreal Expos : LHP Ronnie Breadalbane
Batting: RHB Ramón Sánchez 0-0: Ball
1-0: Ground out 6-3 (Groundball, 6, EV 91.3 MPH)
Batting: RHB Júlio López 0-0: Foul Ball, location: 2F
0-1: Swinging Strike
0-2: Ball
1-2: Ball
2-2: Strikes out looking
Batting: SHB Francisco García 0-0: Ball
1-0: Called Strike
1-1: Ball
2-1: Foul Ball, location: 2F
2-2: Fly out, F8 (Flyball, 89D, EV 105.0 MPH)
Top of the 2nd over - 0 runs, 0 hits, 0 errors, 0 left on base; New York 2 - Montreal 2
BOTTOM OF THE 2ND
Montreal Expos batting - Pitching for New York Mets : RHP Pepe Quintana
Batting: RHB Evan Cuffma 0-0: Called Strike
0-1: Ball
1-1: Foul Ball, location: 2F
1-2: Fly out, F8 (Flyball, 8RXD, EV 85.6 MPH)
Batting: RHB Juan Guardado 0-0: Called Strike
0-1: Foul Ball, location: 2F
0-2: Ball
1-2: Ball
2-2: Ball
3-2: Foul Ball, location: 2F
3-2: Base on Balls
Batting: RHB Brian Hall 0-0: Called Strike
0-1: Swinging Strike
0-2: Foul Ball, location: 2F
0-2: Foul Ball, location: 2F
0-2: Ball
1-2: Fly out, F7 (Flyball, 7S, EV 92.5 MPH)
Batting: RHB Roberto Rodríguez 0-0: Ball
1-0: SINGLE (Line Drive, 3D, EV 94.4 MPH)
Juan Guardado to second
Batting: SHB Bill Rowe 0-0: Foul Ball, location: 2F
0-1: Ball
1-1: Ground out 3-1 (Groundball, 34, EV 88.1 MPH)
Bottom of the 2nd over - 0 runs, 1 hit, 0 errors, 2 left on base; New York 2 - Montreal 2
TOP OF THE 3RD
New York Mets batting - Pitching for Montreal Expos : LHP Ronnie Breadalbane
Batting: RHB José Navarro 0-0: Called Strike
0-1: Fly out, F9 (Flyball, 9S, EV 86.9 MPH)
Batting: RHB Paul Peoples 0-0: Foul Ball, location: 2F
0-1: Ball
1-1: Called Strike
1-2: Ball
2-2: Ball
3-2: Fly out, F6 (Popup, 6D, EV 75.0 MPH)
Batting: LHB Bryan Anderson 0-0: Ball
1-0: Swinging Strike
1-1: Ball
2-1: Ground out 4-3 (Groundball, 4, EV 108.1 MPH)
Top of the 3rd over - 0 runs, 0 hits, 0 errors, 0 left on base; New York 2 - Montreal 2
BOTTOM OF THE 3RD
Montreal Expos batting - Pitching for New York Mets : RHP Pepe Quintana
Batting: RHB Steve Bauer 0-0: Foul Ball, location: 2F
0-1: Ball
1-1: Ball
2-1: Foul Ball, location: 2F
2-2: Strikes out swinging
Batting: LHB Billy Giffard 0-0: Called Strike
0-1: Ground out 1-3 (Groundball, 23, EV 86.3 MPH)
Batting: LHB António Reyes 0-0: Ground out 5-3 (Groundball, 56, EV 98.8 MPH)
Bottom of the 3rd over - 0 runs, 0 hits, 0 errors, 0 left on base; New York 2 - Montreal 2
TOP OF THE 4TH
New York Mets batting - Pitching for Montreal Expos : LHP Ronnie Breadalbane
Batting: SHB Jorge Molina 0-0: Ball
1-0: Called Strike
1-1: Ball
2-1: Foul Ball, location: 2F
2-2: Fly out, F8 (Flyball, 89S, EV 90.6 MPH)
Batting: RHB Félix Arroyo 0-0: Ball
1-0: Foul Ball, location: 2F
1-1: Swinging Strike
1-2: Strikes out looking
Batting: RHB Frank Fields 0-0: Ball
1-0: Foul Ball, location: 2F
1-1: Ball
2-1: Ball
3-1: Called Strike
3-2: Strikes out swinging
Top of the 4th over - 0 runs, 0 hits, 0 errors, 0 left on base; New York 2 - Montreal 2
BOTTOM OF THE 4TH
Montreal Expos batting - Pitching for New York Mets : RHP Pepe Quintana
Batting: LHB Tomás Vargas 0-0: Ball
1-0: Foul Ball, location: 2F
1-1: Ball
2-1: Ball
3-1: Base on Balls
Batting: RHB Evan Cuffma 0-0: Called Strike
0-1: Fly out, F2 (Popup, 2L, EV 85.0 MPH)
Batting: RHB Juan Guardado 0-0: Ball
1-0: Ball
2-0: Called Strike
2-1: Ball
3-1: Foul Ball, location: 2F
3-2: Foul Ball, location: 2F
3-2: Foul Ball, location: 2F
3-2: Foul Ball, location: 2F
3-2: Base on Balls
Tomás Vargas to second
Batting: RHB Brian Hall 0-0: Grounds into double play, 6-4-3 (Groundball, 6, EV 108.1 MPH)
Bottom of the 4th over - 0 runs, 0 hits, 0 errors, 1 left on base; New York 2 - Montreal 2
TOP OF THE 5TH
New York Mets batting - Pitching for Montreal Expos : LHP Ronnie Breadalbane
Batting: RHB Ramón Sánchez 0-0: Ball
1-0: Ball
2-0: Called Strike
2-1: Fly out, F7 (Line Drive, 7, EV 88.8 MPH)
Batting: RHB Júlio López 0-0: Called Strike
0-1: Ball
1-1: Ball
2-1: Called Strike
2-2: SINGLE (Groundball, 56D, EV 106.3 MPH)
Batting: SHB Francisco García 0-0: Fly out, F4 (Line Drive, 4, EV 65.0 MPH)
Batting: RHB José Navarro 0-0: Foul Ball, location: 2F
0-1: Ball
1-1: Ball
2-1: Fly out, F7 (Flyball, 7D, EV 96.3 MPH)
Top of the 5th over - 0 runs, 1 hit, 0 errors, 1 left on base; New York 2 - Montreal 2
BOTTOM OF THE 5TH
Montreal Expos batting - Pitching for New York Mets : RHP Pepe Quintana
Batting: RHB Roberto Rodríguez 0-0: Ball
1-0: Foul Ball, location: 2F
1-1: Foul Ball, location: 2F
1-2: Ball
2-2: Ball
3-2: Fly out, F7 (Line Drive, 78M, EV 85.0 MPH)
Batting: SHB Bill Rowe 0-0: Foul Ball, location: 2F
0-1: Ball
1-1: Called Strike
1-2: Ball
2-2: Ball
3-2: Foul Ball, location: 2F
3-2: Strikes out swinging
Batting: RHB Steve Bauer 0-0: Called Strike
0-1: Foul Ball, location: 2F
0-2: Ball
1-2: Ball
2-2: Ground out 6-3 (Groundball, 6, EV 78.8 MPH)
Bottom of the 5th over - 0 runs, 0 hits, 0 errors, 0 left on base; New York 2 - Montreal 2
TOP OF THE 6TH
New York Mets batting - Pitching for Montreal Expos : LHP Ronnie Breadalbane
Batting: RHB Paul Peoples 0-0: Ball
1-0: Foul Ball, location: 2F
1-1: Called Strike
1-2: Strikes out swinging
Batting: LHB Bryan Anderson 0-0: Ground out 4-3 (Groundball, 4, EV 83.8 MPH)
Batting: SHB Jorge Molina 0-0: Ground out 4-3 (Groundball, 4M, EV 78.8 MPH)
Top of the 6th over - 0 runs, 0 hits, 0 errors, 0 left on base; New York 2 - Montreal 2
BOTTOM OF THE 6TH
Montreal Expos batting - Pitching for New York Mets : RHP Pepe Quintana
Pitching: LHP Danny Alport
Batting: LHB Billy Giffard 0-0: Called Strike
0-1: Ball
1-1: Foul Ball, location: 2F
1-2: Ball
2-2: Strikes out swinging
Batting: LHB António Reyes 0-0: Ball
1-0: Ground out 4-3 (Groundball, 4, EV 103.8 MPH)
Batting: LHB Tomás Vargas 0-0: Ball
1-0: DOUBLE (Line Drive, 7LM, EV 106.9 MPH)
Batting: RHB Evan Cuffma 0-0: Called Strike
0-1: Ball
1-1: Foul Ball, location: 2F
1-2: Strikes out swinging
Bottom of the 6th over - 0 runs, 1 hit, 0 errors, 1 left on base; New York 2 - Montreal 2
TOP OF THE 7TH
New York Mets batting - Pitching for Montreal Expos : LHP Ronnie Breadalbane
Pitching: RHP Suk U
Batting: RHB Félix Arroyo 0-0: Foul Ball, location: 2F
0-1: Ball
1-1: Foul Ball, location: 2F
1-2: Strikes out swinging
Batting: RHB Frank Fields 0-0: Called Strike
0-1: Reached on error, E5 (Groundball, 5, EV 98.1 MPH)
Batting: RHB Ramón Sánchez 0-0: Ball
Wild Pitch!
Frank Fields to second
1-0: Ball
2-0: SINGLE (Line Drive, 7S, EV 95.6 MPH)
Frank Fields to third
Batting: RHB Júlio López 0-0: Foul Ball, location: 2F
0-1: Ball
1-1: Ball
2-1: Ball
3-1: Ground out 5-3 (Groundball, 5S, EV 89.4 MPH)
Ramón Sánchez to second
Batting: SHB Francisco García 0-0: Ball
1-0: Foul Ball, location: 2F
1-1: Swinging Strike
1-2: Ball
2-2: SINGLE (Groundball, 4D, EV 106.9 MPH)
Frank Fields scores
Ramón Sánchez to third
Runner from 3rd tries for Home, SAFE, throw by RF to home
Batting: RHB José Navarro 0-0: Ground out 5-3 (Groundball, 56S, EV 89.4 MPH)
Top of the 7th over - 2 runs, 2 hits, 1 error, 1 left on base; New York 4 - Montreal 2
BOTTOM OF THE 7TH
Montreal Expos batting - Pitching for New York Mets : LHP Danny Alport
Batting: RHB Juan Guardado 0-0: Ball
1-0: Called Strike
1-1: Ball
2-1: Swinging Strike
2-2: Foul Ball, location: 2F
2-2: Strikes out looking
Batting: RHB Brian Hall 0-0: Called Strike
0-1: Ball
1-1: DOUBLE (Line Drive, 5D, EV 109.4 MPH)
Batting: RHB Roberto Rodríguez 0-0: Foul Ball, location: 2F
0-1: Ball
1-1: Ball
2-1: Ball
3-1: Base on Balls
Batting: SHB Bill Rowe 0-0: Ball
1-0: Called Strike
1-1: Grounds into double play, 6-4-3 (Groundball, 6, EV 80.0 MPH)
Bottom of the 7th over - 0 runs, 1 hit, 0 errors, 1 left on base; New York 4 - Montreal 2
TOP OF THE 8TH
New York Mets batting - Pitching for Montreal Expos : RHP Suk U
Batting: RHB Paul Peoples 0-0: Ball
1-0: Ground out 6-3 (Groundball, 6M, EV 101.9 MPH)
Batting: LHB Bryan Anderson 0-0: Foul Ball, location: 2F
0-1: Ball
1-1: DOUBLE (Line Drive, 9LM, EV 108.8 MPH)
Batting: SHB Jorge Molina 0-0: Called Strike
Bryan Anderson steals 3rd base
0-1: DOUBLE (Groundball, 5L, EV 104.4 MPH)
Bryan Anderson scores
Pitching: RHP Alan Johnston
Batting: RHB Félix Arroyo 0-0: Called Strike
0-1: DOUBLE (Line Drive, 7LM, EV 100.0 MPH)
Jorge Molina scores
Batting: RHB Frank Fields 0-0: Ball
1-0: Swinging Strike
1-1: Ball
2-1: Swinging Strike
2-2: Foul Ball, location: 2F
2-2: Foul Ball, location: 2F
2-2: SINGLE (Groundball, 4MD, EV 105.0 MPH)
Félix Arroyo to third
Batting: RHB Ramón Sánchez 0-0: Foul Ball, location: 2F
0-1: Fly out, F8 (Line Drive, 8RD, EV 90.0 MPH)
Throwing error, E8
Félix Arroyo scores
Frank Fields to second
Batting: RHB Júlio López 0-0: Ball
1-0: Swinging Strike
1-1: Foul Ball, location: 2F
1-2: Ball
2-2: Strikes out swinging
Top of the 8th over - 3 runs, 4 hits, 1 error, 1 left on base; New York 7 - Montreal 2
BOTTOM OF THE 8TH
Montreal Expos batting - Pitching for New York Mets : LHP Danny Alport
Batting: RHB Steve Bauer 0-0: Called Strike
0-1: Ball
1-1: Called Strike
1-2: Fly out, F8 (Line Drive, 8RD, EV 98.1 MPH)
Batting: LHB Billy Giffard 0-0: Ground out 6-3 (Groundball, 6, EV 83.8 MPH)
Batting: LHB António Reyes 0-0: Called Strike
0-1: Ball
1-1: Foul Ball, location: 2F
1-2: Strikes out swinging
Bottom of the 8th over - 0 runs, 0 hits, 0 errors, 0 left on base; New York 7 - Montreal 2
TOP OF THE 9TH
New York Mets batting - Pitching for Montreal Expos : RHP Alan Johnston
Batting: SHB Francisco García 0-0: Swinging Strike
0-1: Ball
1-1: Foul Ball, location: 2F
1-2: Strikes out looking
Batting: RHB José Navarro 0-0: Foul Ball, location: 2F
0-1: Ground out 6-3 (Groundball, 6, EV 85.0 MPH)
Batting: RHB Paul Peoples 0-0: Ball
1-0: Fly out, F9 (Flyball, 9LS, EV 82.5 MPH)
Top of the 9th over - 0 runs, 0 hits, 0 errors, 0 left on base; New York 7 - Montreal 2
BOTTOM OF THE 9TH
Montreal Expos batting - Pitching for New York Mets : LHP Danny Alport
Batting: LHB Tomás Vargas 0-0: Called Strike
0-1: SINGLE (Groundball, 4, EV 103.1 MPH) (infield hit)
Pitching: RHP Matt Cook
Batting: RHB Evan Cuffma 0-0: Ball
1-0: SINGLE (Flyball, 8LS, EV 91.3 MPH)
Tomás Vargas to second
Batting: RHB Juan Guardado 0-0: Swinging Strike
0-1: Swinging Strike
0-2: Ball
1-2: Strikes out swinging
Batting: RHB Brian Hall 0-0: Swinging Strike
0-1: Foul Ball, location: 2F
0-2: Ball
1-2: Ball
2-2: Foul Ball, location: 2F
2-2: Ball
3-2: Strikes out looking
Batting: RHB Roberto Rodríguez 0-0: Fielders Choice at 2nd, 6-4 (Groundball, 6, EV 90.0 MPH)
Bottom of the 9th over - 0 runs, 2 hits, 0 errors, 2 left on base; New York 7 - Montreal 2
Wednesday, December 18th, 2019 - OOTP Baseball 20.8 Build 73